[ AOE2 MATCH · #505491057 ]
UnrankedHuns vs Spanish
Player's team · WIN
Rival team · LOSS
[ REPLAY ANALYSIS · EXTRACTED FROM THE RECORDED GAME ]
Feudal
10:26
Castle
—
Imperial
—
| APM avg | 74.8 |
| APM peak | 128 |
| eAPM avg | 23.6 |
| Villagers / military | 39 / 39 |
Focus
⚔️ 37.6% · 🌾 62.4%
Archer ×35 · Militia ×4
Feudal
11:31
Castle
18:21
Imperial
—
| APM avg | 31.0 |
| APM peak | 50 |
| eAPM avg | 18.9 |
| Villagers / military | 21 / 0 |
Focus
⚔️ 26.7% · 🌾 73.3%
Match map
Initial resources + every placement click. Lines = walls · curves = elevation contours. ◆ gold · ⬟ stone · ● berries · ✦ relic · ◌ wall gap
Your base· Open — unwalled flank
Dikaiopolis's base· Open — unwalled flank
Smoothed initial terrain · ◌ = detected wall gap · hover for details
Inputs per minute
— Pedro - - Dikaiopolis
Build order — Pedro
109 actions detected in the replay
| 0:00 | Queue | Villager (Male) |
| 0:00 | Queue | Villager (Male) |
| 0:01 | Queue | Villager (Male) |
| 0:01 | Queue | Villager (Male) |
| 1:20 | Queue | Villager (Male) |
| 1:48 | Build | Lumber Camp |
| 1:50 | Queue | Villager (Male) |
| 2:04 | Queue | Villager (Male) |
| 2:41 | Queue | Villager (Male) |
| 2:54 | Queue | Villager (Male) |
| 3:23 | Queue | Villager (Male) |
| 3:37 | Queue | Villager (Male) |
| 4:22 | Queue | Villager (Male) |
| 4:31 | Queue | Villager (Male) |
| 4:56 | Build | Barracks |
| 5:04 | Queue | Villager (Male) |
| 5:10 | Queue | Villager (Male) |
| 5:22 | Queue | Villager (Male) |
| 5:52 | Queue | Militia |
| 5:53 | Queue | Militia |
| 5:59 | Queue | Villager (Male) |
| 6:08 | Build | Mill |
| 6:15 | Queue | Villager (Male) |
| 6:19 | Queue | Militia |
| 6:21 | Queue | Militia |
| 6:49 | Research | Loom |
| 6:56 | Queue | Villager (Male) |
| 8:16 | Research | Feudal Age |
| 8:17 | Research | Feudal Age |
| 8:43 | Build | Lumber Camp |
| 9:22 | Build | Mining Camp |
| 9:34 | Queue | Villager (Male) |
| 10:22 | Queue | Villager (Male) |
| 10:26 | Queue | Villager (Male) |
| 10:26 | Age | Feudal Age |
| 10:42 | Build | Archery Range |
| 10:54 | Build | Watch Tower |
| 11:02 | Build | Archery Range |
| 11:03 | Queue | Villager (Male) |
| 11:20 | Queue | Villager (Male) |
| 11:22 | Queue | Archer |
| 11:22 | Queue | Archer |
| 11:23 | Queue | Archer |
| 11:23 | Queue | Villager (Male) |
| 11:25 | Queue | Villager (Male) |
| 11:31 | Build | Outpost |
| 11:43 | Queue | Villager (Male) |
| 11:54 | Research | Man-at-Arms (upgrade) |
| 12:02 | Queue | Archer |
| 12:02 | Queue | Archer |
| 12:03 | Queue | Archer |
| 12:03 | Queue | Archer |
| 12:26 | Queue | Archer |
| 12:26 | Queue | Archer |
| 12:29 | Queue | Villager (Male) |
| 12:32 | Build | Farm |
| 12:32 | Queue | Archer |
| 12:33 | Queue | Archer |
| 12:50 | Queue | Villager (Male) |
| 12:54 | Queue | Archer |
| 12:54 | Queue | Archer |
| 13:14 | Queue | Archer |
| 13:14 | Queue | Archer |
| 13:14 | Queue | Archer |
| 13:15 | Queue | Archer |
| 13:35 | Build | Blacksmith |
| 13:35 | Queue | Villager (Male) |
| 13:51 | Build | Farm |
| 13:52 | Queue | Archer |
| 13:52 | Queue | Archer |
| 14:28 | Research | Fletching |
| 14:28 | Research | Fletching |
| 14:29 | Queue | Archer |
| 14:29 | Queue | Archer |
| 14:30 | Queue | Archer |
| 14:32 | Build | Farm |
| 14:41 | Queue | Archer |
| 14:41 | Queue | Archer |
| 14:41 | Queue | Villager (Male) |
| 15:11 | Queue | Villager (Male) |
| 15:11 | Queue | Archer |
| 15:12 | Queue | Archer |
| 15:13 | Build | Farm |
| 15:34 | Queue | Archer |
| 15:34 | Queue | Archer |
| 15:34 | Queue | Archer |
| 15:38 | Queue | Villager (Male) |
| 15:53 | Queue | Villager (Male) |
| 15:54 | Queue | Archer |
| 15:55 | Queue | Archer |
| 15:57 | Build | Mining Camp |
| 16:15 | Queue | Archer |
| 16:15 | Queue | Villager (Male) |
| 16:17 | Build | Farm |
| 16:20 | Queue | Archer |
| 16:41 | Queue | Villager (Male) |
| 16:52 | Queue | Archer |
| 16:53 | Queue | Villager (Male) |
| 16:55 | Build | Farm |
| 17:19 | Queue | Villager (Male) |
| 17:21 | Build | Farm |
| 17:22 | Build | Farm |
| 17:39 | Build | Farm |
| 18:20 | Queue | Archer |
| 18:20 | Queue | Villager (Male) |
| 18:22 | Build | Farm |
| 18:25 | Build | Farm |
| 18:26 | Build | Farm |
| 18:36 | Build | Watch Tower |
Build order — Dikaiopolis
64 actions detected in the replay
| 0:01 | Queue | Villager (Male) |
| 0:01 | Queue | Villager (Male) |
| 0:02 | Build | House |
| 0:03 | Build | House |
| 0:07 | Queue | Villager (Male) |
| 0:07 | Queue | Villager (Male) |
| 1:29 | Queue | Villager (Male) |
| 2:00 | Build | Lumber Camp |
| 2:02 | Queue | Villager (Male) |
| 2:15 | Queue | Villager (Male) |
| 2:54 | Queue | Villager (Male) |
| 3:19 | Build | House |
| 3:21 | Build | House |
| 3:30 | Queue | Villager (Male) |
| 3:46 | Queue | Villager (Male) |
| 3:59 | Queue | Villager (Male) |
| 4:50 | Queue | Villager (Male) |
| 4:51 | Queue | Villager (Male) |
| 5:22 | Queue | Villager (Male) |
| 5:23 | Queue | Villager (Male) |
| 5:23 | Queue | Villager (Male) |
| 5:45 | Build | Palisade Wall |
| 5:45 | Build | Palisade Wall |
| 5:46 | Build | Palisade Wall |
| 5:53 | Build | Mill |
| 5:57 | Queue | Villager (Male) |
| 6:55 | Build | House |
| 7:01 | Build | House |
| 7:16 | Queue | Villager (Male) |
| 7:24 | Queue | Villager (Male) |
| 7:25 | Queue | Villager (Male) |
| 7:26 | Research | Loom |
| 7:50 | Queue | Villager (Male) |
| 8:23 | Build | Mining Camp |
| 8:28 | Build | Mining Camp |
| 8:41 | Research | Loom |
| 9:00 | Research | Feudal Age |
| 9:39 | Build | House |
| 9:43 | Build | House |
| 10:38 | Build | House |
| 10:41 | Build | Palisade Wall |
| 10:47 | Build | Palisade Wall |
| 10:50 | Build | Palisade Wall |
| 11:31 | Age | Feudal Age |
| 11:31 | Build | Mining Camp |
| 11:40 | Build | Market |
| 11:45 | Build | Blacksmith |
| 12:01 | Build | House |
| 12:03 | Build | House |
| 12:06 | Build | House |
| 12:18 | Build | House |
| 12:34 | Build | Palisade Wall |
| 12:48 | Build | Farm |
| 12:48 | Build | Farm |
| 12:48 | Build | Farm |
| 12:52 | Build | Farm |
| 12:54 | Build | Farm |
| 13:43 | Build | Farm |
| 13:48 | Build | Farm |
| 14:32 | Build | Palisade Wall |
| 14:36 | Build | Farm |
| 15:20 | Build | Palisade Wall |
| 15:41 | Research | Castle Age |
| 18:21 | Age | Castle Age |
Match timeline
| 4:56 | Pedro · first_building Barracks |
| 5:45 | Dikaiopolis · wall_segment Palisade Wall x1 |
| 5:45 | Dikaiopolis · wall_segment Palisade Wall x1 |
| 5:46 | Dikaiopolis · wall_segment Palisade Wall x1 |
| 10:26 | Pedro · age_up feudal |
| 10:41 | Dikaiopolis · wall_segment Palisade Wall x1 |
| 10:42 | Pedro · first_building Archery Range |
| 10:47 | Dikaiopolis · wall_segment Palisade Wall x1 |
| 10:50 | Dikaiopolis · wall_segment Palisade Wall x1 |
| 11:31 | Dikaiopolis · age_up feudal |
| 12:34 | Dikaiopolis · wall_segment Palisade Wall x1 |
| 14:18 | Dikaiopolis · first_market_buy 100 food |
| 14:19 | Dikaiopolis · first_market_sell 100 stone |
| 14:32 | Dikaiopolis · wall_segment Palisade Wall x1 |
| 15:20 | Dikaiopolis · wall_segment Palisade Wall x3 |
| 18:21 | Dikaiopolis · age_up castle |
| 18:39 | Dikaiopolis · resign |
[ AI ANALYSIS · 1 CREDIT ]
What really happened in this match?
Wolo.gg analyzes every decision: build order, eco, micro, common mistakes by bracket. Personalized analysis on WhatsApp or Discord in 30 seconds.
Civ guide
Huns
Perfil
Jugador #339375